 Dungeon Crawl Stone Soup version 0.29.1-15-g9cfb28693d (webtiles) character file.

Game seed: 8021609785308867217

404 xian the Chopper (level 6, -2/48 HPs)
             Began as a Demonspawn Berserker on Apr 6, 2023.
             Was a Believer of Trog.
             Killed from afar by an orc wizard (8 damage)
             ... with a puff of flame
             ... on level 4 of the Dungeon.
             The game lasted 00:11:10 (3878 turns).

xian the Chopper (Demonspawn Berserker)             Turns: 3878, Time: 00:11:11

Health: -2/48      AC:  8    Str: 19    XL:     6   Next: 56%
Magic:  15/15      EV: 10    Int:  9    God:    Trog [**....]
Gold:   139        SH:  0    Dex: 12    Spells: 5/5 levels left

rFire   . . .      SeeInvis .   a - +0 hand axe
rCold   . . .      Faith    .   x - +0 kite shield
rNeg    . . .      Spirit   .   t - +2 leather armour {rPois}
rPois   +          Reflect  .   (no helmet)
rElec   .          Harm     .   (no cloak)
rCorr   .          Rampage  .   i - +0 pair of gloves
Will    .....                   k - +1 pair of boots
Stlth   +.........              (no amulet)
HPRegen 0.16/turn               r - ring of magical power
MPRegen 0.14/turn               C - ring of flight

@: confused, on berserk cooldown, flying, slowed, very slow
A: large bone plates 2, condensation shield
a: Renounce Religion, Berserk, Trog's Hand


You were on level 4 of the Dungeon.
You worshipped Trog.
Trog was pleased with you.
You visited 1 branch of the dungeon, and saw 4 of its levels.
You also visited: Sewer.

You collected 253 gold pieces.
You spent 114 gold pieces at shops.

Inventory:

Hand Weapons
 a - a +0 hand axe (weapon)
 f - a +2 vorpal mace
Missiles
 c - 13 stones (quivered)
 w - 6 poisoned darts
 y - 2 boomerangs
Armour
 i - a +0 pair of gloves (worn)
 k - a +1 pair of boots (worn)
 t - a +2 leather armour of poison resistance (worn)
 x - a +0 kite shield (worn)
 H - a +0 troll leather armour {Pargi}
 J - a +0 cloak
Jewellery
 r - a ring of magical power (left hand)
 C - a ring of flight (right hand)
Scrolls
 b - 2 scrolls of poison {unknown}
 e - 4 scrolls of identify {unknown}
 g - a scroll of amnesia {unknown}
 h - 3 scrolls of immolation {unknown}
 n - a scroll of teleportation {unknown}
 v - a scroll of silence {unknown}
 z - a scroll of blinking {unknown}
 A - 2 scrolls of fear {unknown}
 B - a scroll of torment {unknown}
 D - a scroll of enchant weapon {unknown}
 I - a scroll of butterflies {unknown}
Potions
 d - 2 potions of might {unknown}
 j - 2 potions of attraction {unknown}
 l - 2 potions of ambrosia {unknown}
 m - 3 potions of mutation {unknown}
 o - 2 potions of curing {unknown}
 p - a potion of flight {unknown}
 q - a potion of degeneration {unknown}
 s - 3 potions of haste {unknown}
 u - a potion of experience {unknown}
 E - a potion of heal wounds {unknown}
 F - a potion of brilliance {unknown}
 G - a potion of magic {unknown}


   Skills:
 + Level 4.2 Fighting
 + Level 4.6 Axes
 + Level 2.1 Armour
 + Level 3.0 Dodging
 + Level 1.3 Stealth
 + Level 2.0 Shields


You had 5 spell levels left.
You didn't know any spells.
Your spell library was empty.

Dungeon Overview and Level Annotations

Branches:
Dungeon (4/15)              Sewer (visited)
 Temple: D:4-7

Altars:
Dithmenos
Makhleb

Shops:
D:1 [=[*


Innate Abilities, Weirdness & Mutations

You are mostly covered in large bone plates. (SH +6)
A meltable shield of frost defends you. (SH +0)


Message History

Something hits you but does no damage. You block the orc wizard's attack.
The orc wizard hits you but does no damage.
Something hits you but does no damage.
Unknown command.
You miss the orc wizard.
The orc wizard is heavily wounded.
You closely miss something. Something hits you but does no damage.
The orc wizard hits you but does no damage.
The orc wizard closely misses you. Something hits you but does no damage.
You closely miss the orc wizard.
The orc wizard is heavily wounded.
You hit something but do no damage. Something hits you but does no damage.
The orc wizard points at you and mumbles some strange words.
You are confused.
The orc wizard hits you with a +0 dagger.
You hear some strange, mumbled words.
A puff of flame appears from out of thin air!
The puff of flame hits you.
Your condensation shield dissipates!
* * * LOW HITPOINT WARNING * * *
You bump into the rock wall.
You hear some strange, mumbled words.
A puff of flame appears from out of thin air!
The puff of flame hits you.
* * * LOW HITPOINT WARNING * * *
The orc wizard hits you but does no damage.
Unknown command.
You bump into the rock wall.
You hear some strange, mumbled words.
A puff of flame appears from out of thin air!
The puff of flame hits you.
* * * LOW HITPOINT WARNING * * *
The orc wizard points at you and mumbles some strange words.
You are more confused.
The orc wizard barely misses you. Something hits you but does no damage.
You bump into the rock wall.
You hear some strange, mumbled words.
A puff of flame appears from out of thin air!
The puff of flame hits you!
You die...

... ..#### o)
####.....# ..
#........# o.#.#...!...
.####.#.#.....
......#@#...
######o{o#.######
................
##........######
#.........### ...
#####...._8_....# # ...
.........)...##.##
.#####..
#####........##..##.#..
... #...##.#........#.#
#.#


You could see an orc wizard and an orc.

Vanquished Creatures
  Pargi (Sewer)
  A phantom (D:4)
  A jelly (D:4)
  An orc priest (D:4)
  Jessica (D:2)
  6 adders
  A gnoll (D:3)
  A river rat (D:4)
  2 worms
  5 dart slugs
  10 ball pythons
  3 bats
  7 endoplasms
  A giant cockroach (D:1)
  5 goblins
  4 hobgoblins
  10 frilled lizards
  9 kobolds
  5 rats
74 creatures vanquished.

Notes
Turn   | Place    | Note
-------+----------+-------------------------------------------
     0 | D:1      | xian the Demonspawn Berserker began the quest for the Orb.
     0 | D:1      | Reached XP level 1. HP: 18/18 MP: 1/1
   364 | D:1      | Gained mutation: A meltable shield of frost defends you.
                  | (SH +0) [demonic ancestry]
   364 | D:1      | Reached XP level 2. HP: 8/24 MP: 2/2
   884 | D:1      | Found Asew's Armour Boutique.
   904 | D:1      | Found Meod's Assorted Antiques.
   907 | D:1      | Bought a scroll labelled JACRIREI MUWIR for 20 gold pieces
   907 | D:1      | Bought a scroll labelled ABROUR XAKEUM for 20 gold pieces
  1122 | D:1      | Found Deogabet's Jewellery Shop.
  1193 | D:1      | Found Jecoclank's Armour Shoppe.
  1302 | D:2      | Gained mutation: You are partially covered in large bone
                  | plates. (SH +4) [demonic ancestry]
  1302 | D:2      | Reached XP level 3. HP: 29/29 MP: 3/3
  1658 | D:2      | Reached ** piety under Trog
  1758 | D:2      | Noticed Jessica
  1764 | D:2      | Killed Jessica
  1765 | D:2      | Reached XP level 4. HP: 37/37 MP: 4/4
  2238 | D:2      | Found a faded altar of an unknown god.
  2710 | D:3      | Reached XP level 5. HP: 35/42 MP: 5/5
  3193 | D:1      | Bought a yellow potion for 18 gold pieces
  3193 | D:1      | Bought a scroll labelled RYKIT DIOBO for 20 gold pieces
  3193 | D:1      | Bought a green potion for 18 gold pieces
  3193 | D:1      | Bought a metallic pink potion for 18 gold pieces
  3289 | D:4      | Found a glowing drain.
  3326 | Sewer    | Entered a sewer
  3450 | Sewer    | Noticed Pargi
  3460 | Sewer    | Killed Pargi
  3461 | Sewer    | Reached skill level 1 in Shields
  3495 | Sewer    | Gained mutation: You are mostly covered in large bone
                  | plates. (SH +6) [demonic ancestry]
  3495 | Sewer    | Reached XP level 6. HP: 48/48 MP: 6/6
  3831 | D:4      | Found a burning altar of Makhleb.
  3831 | D:4      | Found a shadowy altar of Dithmenos.
  3868 | D:4      | Reached skill level 1 in Stealth
  3878 | D:4      | Killed from afar by an orc wizard

Illustrated notes

Levels and vault maps discovered:
D:1:      minmay_arrival_four_circles, layout_basic, serial_shops,
          nicolae_shop_hallway_stairs, nicolae_shop_behind_doors,
          nicolae_lakefront_shop, shop
D:2:      layout_basic, chequers_ecumenical_altar_twisty, minmay_tetromino_o2,
          uniq_jessica
D:3:      layout_basic, minmay_starry_boxes
D:4:      layout_basic, chequers_temple_overflow_statue_of_worship,
          cheibrodos_sewer_entry_sluice, uniq_grinder

Skill      XL: |  1  2  3  4  5  6 |
---------------+-------------------+-----
Dodging        | 2 3 |  3.0
Axes           | 3 4 |  4.6
Armour         | 2 |  2.1
Fighting       | 4 |  4.2
Shields        | 1 2 |  2.0
Stealth        | 1 |  1.3

Action                   |  1- 3 |  4- 6 || total
-------------------------+-------+-------++-------
Melee: Hand axe          |   106 |   166 ||   272
Throw: Stone             |     9 |     1 ||    10
Invok: Berserk           |     2 |     2 ||     4
Armor: Animal skin       |    29 |     8 ||    37
       Leather armour    |       |    53 ||    53
Dodge: Dodged            |    52 |    60 ||   112
Block: Other             |    30 |    31 ||    61
       Kite shield       |       |    48 ||    48
